 Dungeon Crawl Stone Soup version 0.18.1-48-g4cf74bf (webtiles) character file.

2030 Heedrag the Destroyer (level 9, 0/45 HPs)
             Began as a Deep Elf Conjurer on July 28, 2016.
             Was a Follower of Vehumet.
             Slain by Joseph
             ... wielding a +3 quarterstaff
              (4 damage)
             ... on level 7 of the Dungeon.
             The game lasted 00:20:13 (7312 turns).

Heedrag the Destroyer (Deep Elf Conjurer)           Turns: 7312, Time: 00:20:13

Health: 0/45       AC:  7    Str:  8    XL:     9   Next: 3%
Magic:  0/23       EV: 13    Int: 21    God:    Vehumet [*.....]
Gold:   310        SH:  0    Dex: 15    Spells: 4 memorised, 12 levels left

rFire  . . .     SeeInvis +     D - +4 dagger
rCold  + . .     Gourm    .     a - +0 robe
rNeg   . . .     Faith    +     (no shield)
rPois  .         Spirit   .     T - +1 helmet
rElec  .         Dismiss  .     (no cloak)
rCorr  .         Reflect  .     l - +2 pair of gloves
SustAt .         Harm     .     (no boots)
MR     .....                    B - amulet of faith
Stlth  ++........               x - ring of protection from cold
                                L - ring of see invisible

@: not resistant to hostile enchantments, unstealthy
A: no striking features
a: Renounce Religion


You were on level 7 of the Dungeon.
You worshipped Vehumet.
Vehumet was aware of your devotion.
You were not hungry.

You visited 2 branches of the dungeon, and saw 8 of its levels.

You collected 310 gold pieces.

Inventory:

Hand Weapons
 D - a +4 dagger (weapon)
 P - a +1 vampiric dagger
Armour
 a - a +0 robe (worn)
 l - a +2 pair of gloves (worn)
 T - a +1 helmet (worn)
Jewellery
 f - an uncursed ring of ice
 r - an uncursed ring of sustain attributes
 x - a ring of protection from cold (right hand)
 B - an amulet of faith (around neck)
 L - a ring of see invisible (left hand)
Wands
 k - a wand of confusion (26/48)
 F - a wand of flame (22/48)
 N - a wand of flame (15/48)
 Q - a wand of disintegration (15/24)
Scrolls
 e - 2 scrolls of noise {unknown}
 g - 4 scrolls of enchant armour {unknown}
 h - 6 scrolls of identify
 i - a scroll of fear {unknown}
 j - 4 scrolls of remove curse
 m - 2 scrolls of teleportation {unknown}
 p - a scroll of recharging {unknown}
 s - a scroll of fog {unknown}
 v - 3 scrolls of random uselessness {unknown}
 w - 2 scrolls of magic mapping {unknown}
 y - 3 scrolls of immolation {unknown}
 J - a scroll of acquirement {unknown}
 S - a scroll of torment {unknown}
Potions
 d - a potion of heal wounds {unknown}
 o - 2 potions of brilliance {unknown}
 q - 2 potions of agility {unknown}
 u - 4 potions of curing
 z - 2 potions of berserk rage {unknown}
 A - 2 potions of magic
 C - 2 potions of haste {unknown}
 E - a potion of mutation {unknown}
 G - a potion of ambrosia {unknown}
 K - a potion of cancellation {unknown}
 M - a potion of lignification {unknown}
 O - a potion of might {unknown}
Books
 b - a book of Conjurations

   Spells                             Type                      Level
   a - Magic Dart                     Conjuration                  1
   b - Searing Ray                    Conjuration                  2
   c - Dazzling Spray                 Conjuration/Hexes            3
   d - Fulminant Prism                Conjuration/Hexes            4
   e - Iskenderun's Mystic Blast      Conjuration                  4
   f - Iskenderun's Battlesphere      Conjuration/Charms           5
Comestibles
 c - 6 bread rations
 n - 4 fruits
 t - 2 meat rations
 H - a slice of pizza
 I - a royal jelly
 R - 3 chunks of flesh


   Skills:
 - Level 2.4 Dodging
 - Level 2.4 Stealth
 + Level 8.6 Spellcasting
 * Level 10.5 Conjurations
 + Level 7.0 Charms


You had 12 spell levels left.
You knew the following spells:

 Your Spells              Type           Power        Failure   Level  Hunger
a - Magic Dart            Conj           ####         1%          1    None
b - Dazzling Spray        Conj/Hex       ####..       2%          3    None
c - Iskenderun's Mystic   Conj           ######..     1%          4    ###....
d - Iskenderun's Battles  Conj/Chrm      #####...     8%          5    #####..


Dungeon Overview and Level Annotations

Branches:
Dungeon (7/15)             Temple (1/1) D:6

Altars:
Ashenzari
Dithmenos
Elyvilon
Fedhas
Gozag
Kikubaaqudgha
Makhleb
Nemelex Xobeh
Qazlal
Ru
Trog
Vehumet
Yredelemnul
Zin
The Shining One

Shops:
D:6 }

Annotations:
D:4 zilvtree's ghost, amateur MiCK
D:7 Joseph


Message History

Joseph hits ye wit' an uncursed enchanted quarterstaff.
* * * LOW HITPOINT WARNIN'
* * * Castin': Iskenderun's Mestic Blast Confirm wit' . or Enter, or press ? or * ta list all spells.
Aimin': Iskenderun's Mestic Blast
Press: ? - help, Shift-Dir - straight line, f/p - Joseph
Aim: Joseph, wieldin' an enchanted quarterstaff an' wearin' a rin' mail (severely wounded) Tha orb o' energy misses Joseph.
Joseph closely misses ye.
Ye hit Joseph but do nay damage.
Joseph be severely wounded.
Joseph barely misses ye.
Ye hit Joseph.
Joseph be severely wounded.
Joseph says, "Return ev'ry stol'n item!"
Joseph hits ye wit' an uncursed enchanted quarterstaff!
* * * LOW HITPOINT WARNIN'
* * * Ye closely miss Joseph.
Joseph be severely wounded.
Joseph hits ye wit' an uncursed enchanted quarterstaff.
Ye die...

#...# #.##.#.#......[.
#.####.######.##.#.#.####..#
#................#.#.# #...
######.####.####.#.#.####..#
#.# #.####...........#
#.####................#
#.......#####.#.#######
######@## #.#.# # #@# #.#.#
# #(# #.#.#### # #(#
#.#....# #.# #.####.# #.#
#......# #.##########..#
#....(.# #..# ######.# #..#
#.# #).#


You could see Joseph.

Vanquished Creatures
  Prince Ribbit (D:7)
  2 ice beasts
  A phantom (D:4)
  A black bear (D:7)
  A necrophage (D:6)
  4 ogres
  A centaur (D:7)
  A scorpion (D:6)
  A wyvern skeleton (D:7)
  A jelly (D:7)
  6 wights
  A howler monkey (D:7)
  A crimson imp (D:5)
  A giant frog zombie (D:7)
  An orc priest (D:6)
  2 hounds
  A giant frog skeleton (D:4)
  An iguana (D:7)
  An orc wizard (D:7)
  5 worker ants
  A howler monkey zombie (D:6)
  Robin (D:6)
  6 adders
  An adder zombie (D:6)
  2 worms (D:4)
  4 giant geckos
  4 orcs
  3 ball pythons
  9 bats
  4 giant cockroaches
  17 goblins
  10 hobgoblins
  5 jackals
  3 quokkas
  6 giant newts
  5 kobolds
  A quokka skeleton (D:7)
  11 rats
127 creatures vanquished.

Vanquished Creatures (others)
  A kobold (D:1)
1 creature vanquished.

Grand Total: 128 creatures vanquished

Notes
Turn   | Place    | Note
--------------------------------------------------------------
     0 | D:1      | Heedrag the Deep Elf Conjurer began the quest for the Orb.
     0 | D:1      | Reached XP level 1. HP: 10/10 MP: 6/6
   178 | D:1      | Reached XP level 2. HP: 9/15 MP: 2/8
   522 | D:1      | Reached skill level 5 in Conjurations
   698 | D:1      | Reached XP level 3. HP: 19/19 MP: 7/10
   707 | D:1      | Learned a level 3 spell: Dazzling Spray
  1608 | D:3      | Reached XP level 4. HP: 24/24 MP: 8/12
  1664 | D:3      | Noticed Robin
  1765 | D:4      | Noticed zilvtree's ghost (amateur MiCK)
  2075 | D:4      | Reached skill level 6 in Conjurations
  2123 | D:4      | Noticed a phantom
  2294 | D:3      | Found a burning altar of Makhleb.
  2353 | D:3      | Reached XP level 5. HP: 28/28 MP: 2/14
  2567 | D:3      | Found a burning altar of Makhleb.
  2957 | D:3      | Found a burning altar of Makhleb.
  3182 | D:3      | Found a burning altar of Makhleb.
  3254 | D:3      | Found a burning altar of Makhleb.
  3615 | D:4      | Reached skill level 5 in Spellcasting
  3731 | D:4      | Learned a level 5 spell: Iskenderun's Battlesphere
  3905 | D:4      | Killed a phantom
  3905 | D:4      | Reached skill level 7 in Conjurations
  3905 | D:4      | Reached skill level 1 in Charms
  3905 | D:4      | Reached XP level 6. HP: 32/32 MP: 1/16
  3949 | D:5      | Entered Level 5 of the Dungeon
  4568 | D:4      | Reached XP level 7. HP: 36/36 MP: 7/18
  4688 | D:5      | Found a radiant altar of Vehumet.
  4701 | D:5      | Became a worshipper of Vehumet
  4991 | D:5      | Learned a level 4 spell: Iskenderun's Mystic Blast
  5197 | D:6      | Reached skill level 8 in Conjurations
  5420 | D:6      | Found Ymuhuy's Quality Used Wands.
  5422 | D:6      | Killed Robin
  5882 | D:6      | Found a staircase to the Ecumenical Temple.
  5906 | Temple   | Entered the Ecumenical Temple
  5978 | D:6      | Reached skill level 9 in Conjurations
  5978 | D:6      | Reached XP level 8. HP: 41/41 MP: 10/20
  6053 | D:6      | Reached skill level 5 in Charms
  6335 | D:7      | Reached * piety under Vehumet
  6335 | D:7      | Offered knowledge of Flame Tongue by Vehumet.
  6875 | D:7      | Reached skill level 10 in Conjurations
  7231 | D:7      | Found a sacrificial altar of Ru.
  7232 | D:7      | Noticed Joseph
  7233 | D:7      | Noticed Prince Ribbit
  7245 | D:7      | Killed Prince Ribbit
  7245 | D:7      | Reached XP level 9. HP: 40/45 MP: 7/23
  7312 | D:7      | Slain by Joseph

Skill      XL: |  1  2  3  4  5  6  7  8 |
---------------+-------------------------+-----
Conjurations   | 5 6 7 9 10 | 10.5
Spellcasting   | 4 5 6 7 8 |  8.6
Charms         | 1 3 4 7 |  7.0
Dodging        | |  2.4
Stealth        | |  2.4

Action                   |  1- 3 |  4- 6 |  7- 9 || total
-------------------------+-------+-------+-------++-------
Melee: Dagger            |    14 |    28 |    27 ||    69
 Cast: Magic Dart        |    73 |   115 |    70 ||   258
       Dazzling Spray    |       |    10 |    21 ||    31
       Iskenderun's Myst |       |       |    46 ||    46
  Use: Potion            |       |     1 |     1 ||     2
       Scroll            |       |       |     2 ||     2
 Stab: Invisible         |       |     1 |       ||     1
  Eat: Chunk             |     2 |     8 |    13 ||    23
       Beef jerky        |       |       |     1 ||     1
Armor: Robe              |     1 |    14 |     8 ||    23
Dodge: Dodged            |    21 |    16 |    35 ||    72
